 Dungeon Crawl Stone Soup version 0.29-a0-284-gf9362112df (webtiles) character file.

Game seed: 13130191974823262537

11508 horus123 the Reanimator (level 11, -8/75 HPs)
             Began as a Demonspawn Necromancer on Mar 26, 2022.
             Was a Priest of Vehumet.
             Mangled by a yak (11 damage)
             ... on level 1 of the Lair of Beasts.
             The game lasted 00:48:48 (15301 turns).

horus123 the Reanimator (Demonspawn Necromancer)   Turns: 15301, Time: 00:48:48

Health: -8/75      AC:  9    Str: 11    XL:     11   Next: 50%
Magic:  24/24      EV: 11    Int: 25    God:    Vehumet [***...]
Gold:   583        SH:  0    Dex: 15    Spells: 3/28 levels left

rFire   . . .      SeeInvis .   p - +7 hand axe "Kuehosku" {vorpal, *Rage rElec Int+6 Dex+2}
rCold   . . .      Faith    .   (no shield)
rNeg    . . .      Spirit   .   H - +0 troll leather armour
rPois   .          Reflect  .   B - +0 helmet
rElec   +          Harm     .   (no cloak)
rCorr   +          Rampage  .   G - +0 pair of gloves
Will    .....      Rage     20% C - +0 pair of boots
Stlth   ++........              l - amulet of magic regeneration
HPRegen 1.02/turn               w - ring of wizardry
MPRegen 0.59/turn               A - ring of resist corrosion

@: mighty, lethally poisoned (-8 -> -9)
A: slimy green scales 1, foul stench 1, demonic touch 1
a: Renounce Religion


You were on level 1 of the Lair of Beasts.
You worshipped Vehumet.
Vehumet was most pleased with you.
You visited 3 branches of the dungeon, and saw 12 of its levels.

You collected 583 gold pieces.

Inventory:

Hand Weapons
 p - the +7 hand axe "Kuehosku" (weapon) {vorpal, *Rage rElec Int+6 Dex+2}
   (You found it on level 2 of the Dungeon)

   It inflicts extra damage upon your enemies.
   Int:       It affects your intelligence (+6).
   Dex:       It affects your dexterity (+2).
   rElec:     It insulates you from electricity.
   *Rage:     It berserks you when you make melee attacks (+20% chance).
 v - a +0 demon blade
Missiles
 q - 2 throwing nets
Armour
 a - a +1 robe
 g - the +3 leather armour "Wuicomep" {Rampage Will+}
   (You found it on level 4 of the Dungeon)

   Rampage:   It bestows one free step when moving towards enemies.
   Will:      It increases your willpower.
 j - a +2 leather armour of positive energy
 k - a +2 robe of fire resistance
 B - a +0 helmet (worn)
 C - a +0 pair of boots (worn)
 G - a +0 pair of gloves (worn)
 H - a +0 troll leather armour (worn)
Jewellery
 c - a ring of fire
 l - an amulet of magic regeneration (around neck)
 w - a ring of wizardry (left hand)
 y - a ring of fire
 A - a ring of resist corrosion (right hand)
Wands
 o - a wand of acid (12)
 D - a wand of iceblast (19)
 F - a wand of paralysis (4)
 I - a wand of flame (2)
 J - a wand of charming (4)
Scrolls
 r - 3 scrolls of teleportation
 t - 2 scrolls of fear
 u - a scroll of fog
 x - a scroll of magic mapping
 M - 2 scrolls of noise
Potions
 b - a potion of magic
 d - 4 potions of resistance
 e - 4 potions of degeneration
 f - 2 potions of haste
 h - a potion of ambrosia {unknown}
 i - 2 potions of might
 m - 2 potions of heal wounds {unknown}
 n - 3 potions of attraction
 s - 2 potions of lignification
 E - 2 potions of cancellation
Miscellaneous
 z - a tin of tremorstones (2/2)
 K - a box of beasts


   Skills:
 - Level 3.0 Fighting
 - Level 1.7 Dodging
 - Level 1.7 Stealth
 - Level 9.0 Spellcasting
 - Level 10.4 Summonings
 + Level 13.2 Necromancy


You had 3 spell levels left.
You knew the following spells:

 Your Spells              Type           Power      Damage    Failure   Level
a - Pain                  Necr           100%       1d9       1%          1
b - Vampiric Draining     Necr           67%        2d10      1%          3
c - Animate Dead          Necr           33%        N/A       1%          4
d - Agony                 Necr           67%        N/A       1%          5
e - Haunt                 Necr/Summ      31%        N/A       19%         7
f - Magic Dart            Conj           44%        1d5       1%          1
g - Dispel Undead         Necr           67%        3d23      1%          4

Your spell library contained the following spells:

 Spells                   Type           Power      Damage    Failure   Level
 Static Discharge         Conj/Air       11%        N/A       1%          2
 Animate Skeleton         Necr           100%       N/A       1%          1
 Summon Small Mammal      Summ           100%       N/A       1%          1
 Call Imp                 Summ           59%        N/A       1%          2
 Corpse Rot               Necr/Air       88%        N/A       1%          2
 Poisonous Vapours        Pois/Air       22%        N/A       1%          2
 Call Canine Familiar     Summ           59%        N/A       1%          3
 Summon Guardian Golem    Hex/Summ       37%        N/A       1%          3
 Apportation              Tloc           22%        N/A       2%          1
 Mephitic Cloud           Conj/Pois/Air  11%        N/A       2%          3
 Ensorcelled Hibernation  Hex/Ice        22%        N/A       4%          2
 Passwall                 Tmut/Erth      9%         N/A       4%          2
 Confusing Touch          Hex            11%        N/A       9%          3
 Gell's Gravitas          Tloc           11%        N/A       9%          3
 Lesser Beckoning         Tloc           11%        N/A       9%          3
 Swiftness                Air            11%        N/A       9%          3
 Teleport Other           Tloc           11%        N/A       9%          3
 Death Channel            Necr           33%        N/A       1%          6
 Yara's Violent Unravell  Hex/Tmut       5%         3d4       21%         5
 Spellforged Servitor     Conj/Summ      18%        N/A       52%         7
 Conjure Ball Lightning   Conj/Air       5%         3x3d6     65%         6
 Enfeeble                 Hex            5%         N/A       100%        7
 Discord                  Hex            5%         N/A       100%        8
 Disjunction              Tloc           5%         N/A       100%        8


Dungeon Overview and Level Annotations

Branches:
Dungeon (10/15)            Temple (1/1) D:4            Lair (1/6) D:9
    Orc: D:9-12

Altars:
Ashenzari
Cheibriados
Dithmenos
Elyvilon
Fedhas
Gozag
Hepliaklqana
Kikubaaqudgha
Makhleb
Nemelex Xobeh
Okawaru
Qazlal
Ru
Sif Muna
Trog
Uskayaw
Vehumet
Wu Jian
Xom
Yredelemnul
Zin
The Shining One


Innate Abilities, Weirdness & Mutations

You are partially covered in slimy green scales. (AC +2)
You may rarely emit foul miasma when damaged in melee.
Your touch may inflict minor irresistible damage on your foes.


Message History

Aiming: Vampiric Draining (safe; 1% risk of failure)
Press: ? - help, Shift-Dir - straight line, f - yak
Aim: a yak
Okay, then.
You hit the yak. Your touch misses the yak.
The yak is lightly wounded.
You hit the yak.
You feel very sick. The yak barely misses you. The yak completely misses you.
Unknown command.
You barely miss the yak.
The yak is lightly wounded.
You hit the yak.
You feel very sick. The yak gores you. The yak gores you! x2
* * * LOW HITPOINT WARNING * * *
The yak gores you but does no damage. Magic courses through your body.
You feel sick. The yak closely misses you. x2
You feel very mighty all of a sudden.
You feel sick. The yak gores you!
* * * LOW HITPOINT WARNING * * *
The yak completely misses you. The yak barely misses you.
You are too injured to fight recklessly!
Unknown command.
You barely miss the yak. Your punch misses the yak. You hit the yak. x2
You feel sick. The yak closely misses you.
The yak gores you but does no damage.
You slash the yak!
The yak is heavily wounded.
You slash the yak! x2; You feel sick. The yak gores you but does no damage.
The yak gores you.
* * * LOW HITPOINT WARNING * * *
Unknown command.
You hit the yak.
You touch the yak.
The yak is severely wounded.
You slash the yak!
You closely miss the yak. x2; You feel sick.
The yak barely misses you. The yak misses you.
The yak gores you but does no damage. The yak closely misses you.
The yak gores you!
You die...

##..##.....####.# ##.#.P#
.#..8.##..#.##..##.......
........###.#.#.#........
....8....##..............
..#.###...#..............
..### ##....#............
### #................
.##. #....##.##.......[
..... .......+Y@........
.8..>. 8.....8.YYY.......
...... ......+.Y........
###... #...#.#..........
# .## #!..#............
.# # ... #............
..# ............. .[.
.#..........


You could see 5 yaks.

Vanquished Creatures
  2 two-headed ogres
  A black mamba (Lair:1)
  Maggie (D:10)
  2 cane toads (Lair:1)
  A kobold demonologist (D:6)
  2 komodo dragons (Lair:1)
  2 trolls
  Sigmund (D:5)
  A shadow (D:8)
  2 wyverns
  8 yaks
  A wraith (D:8)
  Eustachio (D:4)
  Grum (D:9)
  A basilisk (Lair:1)
  Edmund (D:4)
  Duvessa (D:4)
  An acid dragon (D:8)
  4 water moccasins
  2 black bears
  3 orc warriors
  3 ice beasts
  2 ogres
  9 wolves
  2 phantoms
  3 kobold brigands
  2 necrophages
  Blork the orc (D:5)
  4 bullfrogs
  2 gnoll sergeants
  3 scorpions
  15 wights
  Dowan (D:4)
  A killer bee (D:8)
  6 electric eels
  A howler monkey (D:10)
  3 hounds (D:9)
  4 orc priests
  5 jellies
  A gnoll shaman (D:5)
  Ijyb (D:5)
  2 iguanas
  8 orc wizards
  16 gnolls
  8 adders
  2 shadow imps (D:6)
  3 white imps
  3 worms
  4 dart slugs
  28 orcs
  2 ball pythons
  7 endoplasms
  A giant cockroach (D:1)
  7 goblins
  10 hobgoblins
  2 jackals (D:3)
  12 kobolds
  7 quokkas
  3 bats
  5 frilled lizards
  A rat (D:1)
239 creatures vanquished.

Vanquished Creatures (others)
  A bullfrog (D:8)
  3 plants (Lair:1)
4 creatures vanquished.

Grand Total: 243 creatures vanquished

Notes
Turn   | Place    | Note
-------+----------+-------------------------------------------
     0 | D:1      | horus123 the Demonspawn Necromancer began the quest for the
                  | Orb.
     0 | D:1      | Reached XP level 1. HP: 13/13 MP: 3/3
   458 | D:1      | Gained mutation: You are partially covered in slimy green
                  | scales. (AC +2) [demonic ancestry]
   458 | D:1      | Reached XP level 2. HP: 18/19 MP: 3/5
  1365 | D:2      | Reached XP level 3. HP: 23/24 MP: 5/7
  1969 | D:2      | Learned a level 3 spell: Vampiric Draining
  2060 | D:2      | Identified the +7 hand axe "Kuehosku" {vorpal, *Rage rElec
                  | Int+6 Dex+2}
  2233 | D:2      | Reached XP level 4. HP: 18/30 MP: 6/10
  2644 | D:3      | Found a faded altar of an unknown god.
  2676 | D:3      | Noticed a bullfrog
  2681 | D:3      | Killed a bullfrog
  2682 | D:3      | Reached skill level 5 in Spellcasting
  2682 | D:3      | Reached XP level 5. HP: 28/35 MP: 4/12
  3256 | D:3      | Found an opulent altar of Gozag.
  3288 | D:3      | Reached skill level 5 in Necromancy
  3483 | D:3      | Noticed an ogre
  3491 | D:3      | Killed an ogre
  3492 | D:3      | Reached XP level 6. HP: 40/41 MP: 5/13
  3804 | D:4      | Noticed Eustachio
  3944 | D:4      | Killed Eustachio
  3945 | D:4      | Reached skill level 6 in Necromancy
  4269 | D:4      | Noticed Duvessa
  4270 | D:4      | Noticed Edmund
  4368 | D:3      | Learned a level 4 spell: Animate Dead
  4483 | D:4      | Reached skill level 7 in Necromancy
  4681 | D:4      | Gained mutation: You may rarely emit foul miasma when
                  | damaged in melee. [demonic ancestry]
  4681 | D:4      | Reached XP level 7. HP: 35/46 MP: 10/14
  4697 | D:4      | Identified the +3 leather armour "Wuicomep" {Rampage Will+}
  4830 | D:4      | Found a staircase to the Ecumenical Temple.
  4840 | Temple   | Entered the Ecumenical Temple
  5004 | Temple   | Became a worshipper of Vehumet
  5026 | D:4      | Reached skill level 8 in Necromancy
  5232 | D:4      | Killed Duvessa
  5242 | D:4      | Noticed Dowan
  5278 | D:4      | Killed Dowan
  5279 | D:4      | Reached skill level 9 in Necromancy
  5340 | D:4      | Killed Edmund
  5341 | D:4      | Reached XP level 8. HP: 49/52 MP: 2/15
  5585 | D:5      | Entered Level 5 of the Dungeon
  5741 | D:5      | Learned a level 5 spell: Agony
  5746 | D:5      | Noticed Blork the orc
  6144 | D:5      | Noticed Ijyb
  6150 | D:5      | Killed Ijyb
  6151 | D:5      | Reached skill level 10 in Necromancy
  6175 | D:5      | Reached skill level 1 in Fighting
  6631 | D:5      | Killed Blork the orc
  6720 | D:5      | Found a snail-covered altar of Cheibriados.
  6746 | D:5      | Got Sif Muna's Compendium of Doomed Contamination
  6957 | D:5      | Reached * piety under Vehumet
  6957 | D:5      | Offered knowledge of Magic Dart by Vehumet.
  7054 | D:5      | Noticed Sigmund
  7100 | D:5      | Killed Sigmund
  7644 | D:6      | Learned a level 7 spell: Haunt
  7804 | D:6      | Noticed a kobold demonologist
  7807 | D:6      | Noticed a sixfirhy
  8157 | D:6      | Gained mutation: Your touch may inflict minor irresistible
                  | damage on your foes. [demonic ancestry]
  8157 | D:6      | Reached XP level 9. HP: 17/63 MP: 14/20
  8420 | D:6      | Killed a kobold demonologist
  8854 | D:6      | Reached skill level 1 in Summonings
  9122 | D:7      | Learned a level 1 spell: Magic Dart
  9364 | D:7      | Identified a scroll of acquirement
  9365 | D:7      | Acquired a book of Callings
  9372 | D:7      | Learned a level 4 spell: Dispel Undead
 10099 | D:8      | Found a shimmering altar of Xom.
 10104 | D:8      | Reached skill level 5 in Summonings
 10491 | D:8      | Reached XP level 10. HP: 62/70 MP: 16/23
 10660 | D:8      | Reached ** piety under Vehumet
 10857 | D:8      | Offered knowledge of Foxfire by Vehumet.
 11308 | D:9      | Noticed Grum
 11707 | D:9      | Killed Grum
 12471 | D:9      | Offered knowledge of Static Discharge by Vehumet.
 12930 | D:9      | Found a staircase to the Lair.
 13061 | D:9      | Noticed a two-headed ogre
 13069 | D:9      | Killed a two-headed ogre
 13070 | D:9      | Reached skill level 10 in Summonings
 13395 | D:10     | Entered Level 10 of the Dungeon
 13503 | D:10     | Noticed a two-headed ogre
 13511 | D:10     | Killed a two-headed ogre
 13512 | D:10     | Reached skill level 11 in Necromancy
 13512 | D:10     | Reached XP level 11. HP: 20/75 MP: 11/24
 14120 | D:10     | Noticed Maggie
 14129 | D:10     | Killed Maggie
 14589 | D:10     | Got the Tome of the Entourage and Dark Secrets
 14862 | Lair:1   | Entered Level 1 of the Lair of Beasts
 14867 | Lair:1   | Reached *** piety under Vehumet
 14868 | Lair:1   | Reached skill level 12 in Necromancy
 15246 | Lair:1   | Reached skill level 13 in Necromancy
 15300 | Lair:1   | HP: 3/75 [yak (2)]
 15301 | Lair:1   | Mangled by a yak

Illustrated notes

Levels and vault maps discovered:
D:1:      lemuel_arrival_broad_hall, layout_basic, corner_web_ring,
          minmay_misc_feat_pillars, minmay_misc_feat_x,
          dreamdust_princess_corridor
D:2:      layout_rooms
D:3:      layout_basic, grunt_gozag_statues,
          hellmonk_ecumenical_altar_arch_garden, minivault_14,
          minmay_misc_feat_more_columns, minmay_misc_feat_columns,
          minmay_misc_feat_room, minmay_misc_feat_diagonals, minmay_diced_spiral
D:4:      layout_cave_pools, minmay_temple_entry_large_hall,
          minmay_misc_feat_ornament, uniq_eustachio, uniq_edmund, uniq_duvessa
D:5:      layout_layer_cave, mainiacjoe_overflow_concentric_impassable,
          uniq_ijyb, uniq_blork_the_orc, uniq_sigmund
D:6:      layout_gridville, zin_academy
D:7:      layout_gridville
D:8:      layout_loops_ring, xom_confusion_cloud, kennysheep_cross_room
D:9:      layout_cave_pools, erik_lair_island, uniq_grum
D:10:     layout_grid_maze, uniq_maggie
Temple:   mainiacjoe_temple_coin_purse
Lair:1:   layout_gridlike, serial_bayou_lagoon_b, lemuel_fruit_tree,
          grunt_megastairs_5

Skill      XL: |  1  2  3  4  5  6  7  8  9 10 11 |
---------------+----------------------------------+-----
Spellcasting   | 3 4 5 7 9 |  9.0
Necromancy     | 5 7 9 10 11 13 | 13.2
Fighting       | 3 |  3.0
Summonings     | 6 10 | 10.4
Dodging        | |  1.7
Stealth        | |  1.7

Action                   |  1- 3 |  4- 6 |  7- 9 | 10-12 || total
-------------------------+-------+-------+-------+-------++-------
Melee: Dagger            |     5 |       |       |       ||     5
       Hand axe          |     2 |    12 |   108 |    91 ||   213
       Touch             |       |       |    10 |    15 ||    25
       Punch             |       |       |     2 |     1 ||     3
 Cast: Pain              |    68 |    76 |   144 |   111 ||   399
       Vampiric Draining |       |    12 |    29 |    36 ||    77
       Animate Dead      |       |       |     1 |     1 ||     2
       Magic Dart        |       |       |     7 |       ||     7
       Dispel Undead     |       |       |     1 |     2 ||     3
       Agony             |       |       |       |    25 ||    25
  Use: Scroll            |     2 |     5 |    12 |     6 ||    25
       Potion            |       |       |       |     2 ||     2
 Stab: Sleeping          |       |       |     1 |       ||     1
       Confused          |       |       |     1 |       ||     1
       Distracted        |       |       |       |     1 ||     1
Armor: Robe              |     7 |    13 |       |       ||    20
       Leather armour    |       |     7 |    62 |    32 ||   101
       Troll leather arm |       |       |       |    32 ||    32
Dodge: Dodged            |    13 |    48 |   100 |   115 ||   276

Table legend: (Time is in decaauts)
 A = Elapsed time spent in this place.
 B = Non-inter-level travel time spent in this place.
 C = Inter-level travel time spent in this place.
 D = Time resting spent in this place.
 E = Time spent auto-exploring this place.
 F = Levels seen in this place.
 G = Mean time per level.
                   A        B        C        D        E       F      G
               +--------+--------+--------+--------+--------+-----+--------+
         Total |  15570 |  15068 |    502 |   5635 |   7152 |  12 | 1297.5 |
       Dungeon |  14966 |  14478 |    488 |   5560 |   6827 |  10 | 1496.6 |
        Temple |    177 |    164 |     13 |      0 |    103 |   1 |  177.0 |
          Lair |    425 |    425 |      0 |     75 |    222 |   1 |  425.0 |
               +--------+--------+--------+--------+--------+-----+--------+

Top non-repeatable levels by time:
     D:5: 1942 daAuts
     D:8: 1866 daAuts
     D:3: 1829 daAuts
     D:6: 1648 daAuts
     D:9: 1580 daAuts
    D:10: 1502 daAuts
     D:2: 1451 daAuts
     D:1: 1282 daAuts
     D:7: 982 daAuts
     D:4: 881 daAuts
  Lair:1: 425 daAuts
  Temple: 177 daAuts
